 Dungeon Crawl Stone Soup version 0.24-a0-201-gf205589 (webtiles) character file.

Game seed: 2710469839188667019

4 Borgoz the Bolt Thrower (level 1, -1/12 HPs)
             Began as a Kobold Hunter on Mar 24, 2019.
             Slain by a goblin
             ... wielding a +0 dagger
              (2 damage)
             ... on level 1 of the Dungeon.
             The game lasted 00:00:46 (409 turns).

Borgoz the Bolt Thrower (Kobold Hunter)              Turns: 409, Time: 00:00:47

Health: -1/12      AC:  3    Str:  6 (9)  XL:     1   Next: 66%
Magic:  1/1        EV: 14    Int: 10 (12) God:
Gold:   43         SH:  0    Dex: 12 (15) Spells: 0/0 levels left

rFire    . . .     SeeInvis .   a - +0 short sword
rCold    + . .     Gourm    .   (shield restricted)
rNeg     . . .     Faith    .   c - +0 leather armour
rPois    .         Spirit   .   (helmet restricted)
rElec    .         Reflect  .   (no cloak)
rCorr    .         Harm     .   (no gloves)
MR       .....                  (no boots)
Stlth    +.........             (no amulet)
HPRegen  0.04/turn              (no ring)
MPRegen  0.07/turn              (no ring)

@: no status effects
A: small, antennae 1, carnivore, cold resistance 1, high mp 1
a: no special abilities


You were on level 1 of the Dungeon.
You were not hungry.

You visited 1 branch of the dungeon, and saw 1 of its levels.

You collected 43 gold pieces.

Inventory:

Hand Weapons
 a - a +0 short sword (weapon)
 b - a +1 hand crossbow
Missiles
 d - 20 bolts
Armour
 c - a +0 leather armour (worn)
Scrolls
 g - a scroll of identify
Comestibles
 f - 3 rations


   Skills:
 + Level 2.2 Fighting
 * Level 0.7 Short Blades
 - Level 4.8 Crossbows
 + Level 0.1 Armour
 + Level 2.5 Dodging
 + Level 1.5 Stealth


You couldn't memorise any spells.
You didn't know any spells.
Your spell library was empty.

Dungeon Overview and Level Annotations

Branches:
Dungeon (1/15)

Altars:


Innate Abilities, Weirdness & Mutations

You are small and have problems with some larger weapons.
You are carnivorous and can eat meat at any time.
You have a pair of small antennae on your head.
Your flesh is cold resistant. (rC+)
You have an increased reservoir of magic. (+10% MP)


Message History

You are too injured to fight recklessly!
You are too injured to fight recklessly!
You are too injured to fight recklessly!
A hobgoblin comes into view.
The hobgoblin shouts!
It was a potion of degeneration.
There was something very wrong with that liquid.
You feel weakened.
You feel dopey.
You feel clumsy. The goblin barely misses you.
It was a potion of mutation.
You feel extremely strange.
You feel resistant to cold. A pair of antennae grows on your head!
You feel more energetic. The goblin hits you with a +0 dagger.
* * * LOW HITPOINT WARNING * * *
As you read the scroll labeled LUF LULORREU, it crumbles to dust.
It is a scroll of identify.
You don't have any unidentified items.
The goblin barely misses you.
You closely miss the goblin. The goblin hits you with a +0 dagger.
You die...

#.################
..#......[........
#.#.##############
#.#.# . ## #.#.# #
.. #.#.# #.
#g#.#####
#..#@#.#...####
.###..#g#.#.#.....
##
..................
..
.###..#.#....#####
# #..#...#>.# ##
#.#.#....#
#......#.#
.......#...
.#......# ### ###


You could see a hobgoblin and a goblin.

Vanquished Creatures
  A hobgoblin (D:1)
  2 kobolds (D:1)
  A frilled lizard (D:1)
4 creatures vanquished.

Notes
Turn   | Place    | Note
-------+----------+-------------------------------------------
     0 | D:1      | Borgoz the Kobold Hunter began the quest for the Orb.
     0 | D:1      | Reached XP level 1. HP: 12/12 MP: 1/1
   407 | D:1      | Gained mutation: Your flesh is cold resistant. (rC+)
                  | [potion of mutation]
   407 | D:1      | Gained mutation: You have a pair of small antennae on your
                  | head. [potion of mutation]
   407 | D:1      | Gained mutation: You have an increased reservoir of magic.
                  | (+10% MP) [potion of mutation]
   409 | D:1      | Slain by a goblin

Levels and vault maps discovered:
D:1:      elethiomel_arrival_maze, layout_basic

Action                   || total
-------------------------++-------
Melee: Short sword       ||    24
  Use: Potion            ||     2
       Scroll            ||     1
Armor: Leather armour    ||     6
Dodge: Dodged            ||    18

Table legend:
 A = Non-vault XP
 B = Vault XP
 C = Vault XP percentage of total XP
 D = Non-vault monster count
 E = Vault monster count
 F = Vault count percentage of total count
                 A         B        C        D         E       F
            +---------+---------+-------+---------+---------+-------
      Total |       6 |       0 |   0.0 |       4 |       0 |   0.0
            +---------+---------+-------+---------+---------+-------
        D:1 |       6 |       0 |   0.0 |       4 |       0 |   0.0
            +---------+---------+-------+---------+---------+-------
